 Dungeon Crawl Stone Soup version 0.28.0-45-g0d030f2227 (webtiles) character file.

Game seed: 697072774833300723

45 pkoi the Insei (level 3, -9/23 HPs)
             Began as an Octopode Transmuter on Apr 21, 2022.
             Killed by nerve-wracking pain
             ... invoked by Grinder
              (13 damage)
             ... on level 3 of the Dungeon.
             The game lasted 00:02:04 (1840 turns).

pkoi the Insei (Octopode Transmuter)                Turns: 1840, Time: 00:02:05

Health: -9/23      AC:  1    Str:  9    XL:     3   Next: 64%
Magic:  6/6        EV: 13    Int: 17    God:
Gold:   77         SH:  0    Dex: 17    Spells: 2/6 levels left

rFire   . . .      SeeInvis .   j - +10 spear "Dragon's Tongue" {holy, Dex+5}
rCold   . . .      Faith    .   (no shield)
rNeg    . . .      Spirit   .   (helmet restricted)
rPois   .          Reflect  .   (no amulet)
rElec   .          Harm     .   (no ring)
rCorr   .          Rampage  .   (no ring)
Will    .....                   (no ring)
Stlth   +++.......              (no ring)
HPRegen 0.07/turn               (no ring)
MPRegen 0.10/turn               (no ring)
                                (no ring)
                                (no ring)

@: no status effects
A: almost no armour, amphibious, 8 rings, camouflage 1, gelatinous body 1,
(nimble swimmer 1), tentacles
a: no special abilities


You were on level 3 of the Dungeon.
You visited 1 branch of the dungeon, and saw 3 of its levels.

You collected 77 gold pieces.

Inventory:

Hand Weapons
 c - a +1 dagger of venom
 j - the +10 spear "Dragon's Tongue" (weapon) {holy, Dex+5}
   (You found it on level 2 of the Dungeon)

   It has been blessed by the Shining One to cause great damage to the undead
   and demons.
   Dex:       It affects your dexterity (+5).
Magical Staves
 k - a staff of poison
Scrolls
 a - a scroll of identify {unknown}
 b - a scroll of amnesia {unknown}
 f - a scroll of summoning {unknown}
 i - a scroll of teleportation {unknown}
Potions
 d - a potion of curing {unknown}
 e - a potion of brilliance {unknown}
 g - 2 potions of invisibility {unknown}
 h - a potion of heal wounds {unknown}


   Skills:
 - Level 1.0 Fighting
 - Level 2.0 Dodging
 + Level 3.5 Unarmed Combat
 - Level 2.0 Spellcasting
 * Level 3.4 Transmutations


You had 2 spell levels left.
You knew the following spells:

 Your Spells              Type           Power      Damage    Failure   Level
a - Beastly Appendage     Tmut           26%        N/A       4%          1
b - Spider Form           Tmut/Pois      7%         N/A       28%         3

Your spell library contained the following spells:

 Spells                   Type           Power      Damage    Failure   Level
 Wereblood                Tmut           13%        N/A       7%          2
 Animate Skeleton         Necr           2%         N/A       19%         1
 Pain                     Necr           4%         1d4       19%         1
 Vampiric Draining        Necr           1%         2d6       50%         3
 Ice Form                 Ice/Tmut       7%         N/A       67%         4


Dungeon Overview and Level Annotations

Branches:
Dungeon (3/15)

Altars:

Shops:
D:1 :

Annotations:
D:3 Grinder


Innate Abilities, Weirdness & Mutations

You cannot wear most types of armour.
You are amphibious.
You can wear up to eight rings at the same time.
Your skin changes colour to match your surroundings (Stealth+).
Your rubbery body absorbs attacks. (AC +1, EV +1)
((You are camouflaged when in or above water. (Stealth+)))
You have tentacles for arms and can constrict up to eight enemies at once.


Message History

(D) Dungeon
Where to? (Enter - D:2, ? - help)
There is a stone staircase leading down here.
You climb downwards.
Found 4 large rocks.
Found a stone staircase leading down.
There is a stone staircase leading up here.
Key pressed, stopping travel.
Unknown command.
An endoplasm comes into view.
An endoplasm is nearby!
No target in view!
No target in view!
No target in view!
No target in view!
No target in view!
No target in view!
No target in view!
No target in view!
Found a chain mail.
No target in view!
No target in view!
Grinder comes into view.
Grinder shouts!
You hear a shout!
A hobgoblin comes into view.
Grinder gestures at you. Pain shoots through your body!
Ouch! That really hurt!
* * * LOW HITPOINT WARNING * * *
The endoplasm freezes you.
You are frozen.
* * * LOW HITPOINT WARNING * * *
Grinder gestures at you. Pain shoots through your body!
* * * LOW HITPOINT WARNING * * *
Grinder blinks!
Found an escape hatch in the floor.
Grinder gestures at you. Pain shoots through your body!
Ouch! That really hurt!
You die...

##+####### #..>.....#
#........# #........#
#........# #........+
####
#....@...########.#...
#....J...(....... #.#.
#..............####.#.
#..[..#...........#.#.
########.#5........#.#.#.
.........g..............>
######.#..........<..#.#.
#......######..##.#.
..........+..........#.


You could see Grinder, an endoplasm and a hobgoblin.

Vanquished Creatures
  A worm (D:2)
  3 dart slugs (D:2)
  6 endoplasms
  A giant cockroach (D:2)
  4 goblins
  3 hobgoblins (D:2)
  5 ball pythons (D:1)
  2 bats (D:1)
  5 frilled lizards
  A kobold (D:1)
  5 rats
36 creatures vanquished.

Notes
Turn   | Place    | Note
-------+----------+-------------------------------------------
     0 | D:1      | pkoi the Octopode Transmuter began the quest for the Orb.
     0 | D:1      | Reached XP level 1. HP: 13/13 MP: 3/3
    10 | D:1      | Found a faded altar of an unknown god.
   505 | D:1      | Reached XP level 2. HP: 18/18 MP: 5/5
   885 | D:1      | Found Ommonuecu's Book Emporium.
  1085 | D:2      | Reached XP level 3. HP: 23/23 MP: 6/6
  1191 | D:2      | Learned a level 3 spell: Spider Form
  1352 | D:2      | Identified the +10 spear "Dragon's Tongue" {holy, Dex+5}
  1832 | D:3      | Noticed Grinder
  1840 | D:3      | Killed from afar by Grinder

Illustrated notes

Levels and vault maps discovered:
D:1:      doesnt_arrival_eight_statues, layout_basic, serial_shops,
          nicolae_shop_hallway_plus, ebering_ecumenical_altar_box
D:2:      minmay_wonky_spiral, layout_loops_ring
D:3:      layout_basic, serial_shops, shop, nicolae_underground_beach,
          uniq_grinder, uniq_sigmund, uniq_crazy_yiuf_cottage, uniq_robin

Skill      XL: |  1  2 |
---------------+-------+-----
Transmutations | 3 |  3.4
Fighting       | |  1.0
Dodging        | |  2.0
Unarmed Combat | |  3.5
Spellcasting   | |  2.0

Action                   || total
-------------------------++-------
Melee: Dagger            ||    45
       Tentacles         ||    12
       Unarmed           ||     2
       Constrict         ||    15
       Spear             ||    12
       Punch             ||     1
 Stab: Sleeping          ||    14
Armor: Skin              ||     4
Dodge: Dodged            ||    30
